 Dungeon Crawl Stone Soup version 0.31-a0-544-gceb718ecc6 (webtiles) character file.

Game seed: 12708779955043742480

240 arthad the Grasshopper (level 6, -2/50 HPs)
             Began as a Gnoll Warper on Aug 15, 2023.
             Slain by Edmund
             ... wielding a +1 dire flail of protection
              (12 damage)
             ... on level 4 of the Dungeon.
             The game lasted 00:04:08 (2515 turns).

arthad the Grasshopper (Gnoll Warper)               Turns: 2515, Time: 00:04:09

Health: -2/50      AC:  4    Str:  9 (12) XL:     6   Next: 8%
Magic:  13/13      EV: 12    Int: 10 (13) God:
Gold:   138        SH:  0    Dex: 10 (11) Spells: 8/15 levels left

rFire   . . .        a - +1 hand axe
rCold   . . .        (no shield)
rNeg    . . .        b - +0 leather armour
rPois   .            (no helmet)
rElec   .            (no cloak)
rCorr   .            (no gloves)
SInv    .            f - +0 pair of boots
Will    +....        (no amulet)
Stlth   +            (no ring)
HPRegen 0.28/turn    (no ring)
MPRegen 0.13/turn

%: no passive effects
@: enlightened, flying, hasted, very quick
A: fangs 1, strong nose, distributed training
a: no special abilities


You were on level 4 of the Dungeon.
You visited 1 branch of the dungeon, and saw 4 of its levels.

You collected 138 gold pieces.

Inventory:

Hand Weapons
 a - a +1 hand axe (weapon)
Missiles
 d - 7 darts of dispersal
 k - 5 poisoned darts (quivered)
Armour
 b - a +0 leather armour (worn)
 f - a +0 pair of boots (worn)
Jewellery
 n - a ring of positive energy
Scrolls
 c - a scroll of blinking
 h - a scroll of fear {unknown}
 i - 2 scrolls of butterflies {unknown}
 j - a scroll of torment {unknown}
 o - a scroll of vulnerability {unknown}
 p - 2 scrolls of teleportation {unknown}
 q - a scroll of revelation {unknown}
 r - 2 scrolls of brand weapon {unknown}
 s - a scroll of amnesia {unknown}
 t - a scroll of silence {unknown}
 u - 2 scrolls of identify {unknown}


   Skills:
 + Level 4.9 Fighting
 + Level 1.8 Short Blades
 + Level 1.8 Long Blades
 + Level 4.9 Axes
 + Level 1.8 Maces & Flails
 + Level 1.8 Polearms
 + Level 1.8 Staves
 + Level 1.8 Ranged Weapons
 + Level 3.1 Throwing
 + Level 3.1 Armour
 + Level 4.9 Dodging
 + Level 1.8 Stealth
 + Level 1.8 Shields
 + Level 1.8 Unarmed Combat
 + Level 5.3 Spellcasting
 + Level 1.4 Conjurations
 + Level 1.4 Hexes
 + Level 1.4 Summonings
 + Level 1.4 Necromancy
 + Level 5.6 Translocations
 + Level 1.4 Transmutations
 + Level 1.4 Fire Magic
 + Level 1.4 Ice Magic
 + Level 1.4 Air Magic
 + Level 1.4 Earth Magic
 + Level 1.4 Poison Magic
 + Level 2.0 Invocations
 + Level 1.8 Evocations
 + Level 1.4 Shapeshifting


You had 8 spell levels left.
You knew the following spells:

 Your Spells              Type           Power      Damage    Failure   Level
a - Blink                 Tloc           26%        N/A       4%          2
b - Lesser Beckoning      Tloc           26%        N/A       4%          2
c - Teleport Other        Tloc           13%        N/A       9%          3

Your spell library contained the following spells:

 Spells                   Type           Power      Damage    Failure   Level
 Vhi's Electric Charge    Tloc/Air       18%        N/A       22%         3
 Manifold Assault         Tloc           13%        N/A       30%         4
 Simulacrum               Ice/Necr       2%         N/A       100%        6
 Ozocubu's Refrigeration  Ice            2%         4d8       100%        7
 Polar Vortex             Ice            2%         N/A       100%        9


Dungeon Overview and Level Annotations

Branches:
Dungeon (4/15)             Temple (0/1) D:4

Altars:

Annotations:
D:4 Edmund, Sigmund


Innate Abilities, Weirdness & Mutations

You have very sharp teeth.
Your uncanny sense of smell can sniff out nearby items.
Your experience applies equally to all skills.


Message History

Edmund is lightly wounded.
Edmund hits you with a +1 dire flail of protection.
You hit Edmund.
Edmund is moderately wounded.
Edmund hits you with a +1 dire flail of protection!
* * * LOW HITPOINT WARNING * * *
You feel much better.
As you read the scroll labelled YMYHUE VOJAE, it crumbles to dust.
It is a scroll of enchant weapon.
Your +0 hand axe glows red for a moment.
Edmund barely misses you.
Press: ? - help, v - describe, . - travel, g - get item
Here: Edmund, wielding a +1 dire flail of protection and wearing a +0 ring mail (moderately wounded)
Items here: a +0 dagger; a +0 ring mail; a goblin corpse.
The floor.
Unknown command.
You hit Edmund.
Edmund is moderately wounded.
Edmund hits you with a +1 dire flail of protection!
You are too injured to fight recklessly!
You are too injured to fight recklessly!
You barely miss Edmund.
Edmund is moderately wounded.
Edmund hits you with a +1 dire flail of protection!
* * * LOW HITPOINT WARNING * * *
You hit Edmund but do no damage.
Edmund is moderately wounded.
You hit Edmund but do no damage.
Edmund is moderately wounded.
Edmund hits you with a +1 dire flail of protection.
* * * LOW HITPOINT WARNING * * *
You hit Edmund but do no damage. Your bite misses Edmund.
Edmund is moderately wounded.
Edmund barely misses you.
You hit Edmund.
Edmund is moderately wounded.
You hit Edmund.
Edmund is moderately wounded.
Edmund hits you with a +1 dire flail of protection!
You die...

# #### ### ...# ####...#
...# ....#.# ...# ...#.#
...#### ..#.# #
......####### #.#.#####.#
...##.......# #@#.......
....#.......# #@#....#####
....#.......# #g'.........
.<#.#.......######.........
###.#.......†......).....>.
.....................g.P..
...#.....########.####....
...##.###.# #.# ... ... #..
..# #.# .#


You could see Edmund and a goblin.

Vanquished Creatures
  An orc priest (D:3)
  An iguana (D:4)
  Terence (D:2)
  Natasha (D:4)
  7 adders
  3 dart slugs
  An orc (D:4)
  5 giant cockroaches
  5 goblins
  3 hobgoblins
  2 jackals (D:1)
  5 quokkas
  10 ball pythons
  6 bats
  2 frilled lizards
  9 kobolds
  5 rats
67 creatures vanquished.

Notes
Turn   | Place    | Note
-------+----------+-------------------------------------------
     0 | D:1      | arthad the Gnoll Warper began the quest for the Orb.
     0 | D:1      | Reached XP level 1. HP: 20/20 MP: 6/6
   129 | D:1      | Reached XP level 2. HP: 24/26 MP: 7/7
   577 | D:2      | Reached XP level 3. HP: 31/31 MP: 9/9
   594 | D:2      | Reached skill level 5 in Spellcasting
   602 | D:2      | Noticed Terence
   632 | D:2      | Killed Terence
   633 | D:2      | Reached skill level 1 in Short Blades
   633 | D:2      | Reached skill level 1 in Long Blades
   633 | D:2      | Reached skill level 1 in Maces & Flails
   633 | D:2      | Reached skill level 1 in Polearms
   633 | D:2      | Reached skill level 1 in Staves
   633 | D:2      | Reached skill level 1 in Ranged Weapons
   633 | D:2      | Reached skill level 1 in Stealth
   633 | D:2      | Reached skill level 1 in Shields
   633 | D:2      | Reached skill level 1 in Unarmed Combat
   633 | D:2      | Reached skill level 1 in Invocations
   633 | D:2      | Reached skill level 1 in Evocations
   784 | D:2      | Learned a level 2 spell: Blink
   787 | D:2      | Learned a level 2 spell: Lesser Beckoning
   791 | D:2      | Learned a level 3 spell: Teleport Other
   840 | D:2      | Reached XP level 4. HP: 36/38 MP: 11/11
  1138 | D:2      | Reached skill level 1 in Conjurations
  1138 | D:2      | Reached skill level 1 in Hexes
  1138 | D:2      | Reached skill level 1 in Summonings
  1138 | D:2      | Reached skill level 1 in Necromancy
  1138 | D:2      | Reached skill level 1 in Transmutations
  1138 | D:2      | Reached skill level 1 in Fire Magic
  1138 | D:2      | Reached skill level 1 in Ice Magic
  1138 | D:2      | Reached skill level 1 in Air Magic
  1138 | D:2      | Reached skill level 1 in Earth Magic
  1138 | D:2      | Reached skill level 1 in Poison Magic
  1138 | D:2      | Reached skill level 1 in Shapeshifting
  1497 | D:3      | Reached XP level 5. HP: 40/43 MP: 12/12
  2318 | D:4      | Noticed Natasha
  2330 | D:4      | Killed Natasha
  2331 | D:4      | Reached XP level 6. HP: 40/50 MP: 13/13
  2412 | D:4      | Noticed Sigmund
  2467 | D:4      | Found a staircase to the Ecumenical Temple.
  2467 | D:4      | Noticed Edmund
  2515 | D:4      | Slain by Edmund

Illustrated notes

Levels and vault maps discovered:
D:1:      dpeg_arrival_shelter, layout_rooms, minmay_shallow_snake_nest
D:2:      layout_loops_ring, uniq_terence
D:3:      layout_basic
D:4:      layout_basic, minmay_temple_entry_overgrown, minmay_manual_mares,
          uniq_edmund, uniq_natasha, uniq_sigmund

Skill      XL: |  1  2  3  4  5 |
---------------+----------------+-----
Spellcasting   | 5 |  5.3
Short Blades   | 1 |  1.8
Long Blades    | 1 |  1.8
Maces & Flails | 1 |  1.8
Polearms       | 1 |  1.8
Staves         | 1 |  1.8
Ranged Weapons | 1 |  1.8
Stealth        | 1 |  1.8
Shields        | 1 |  1.8
Unarmed Combat | 1 |  1.8
Invocations    | 1 2 |  2.0
Evocations     | 1 |  1.8
Conjurations   | 1 |  1.4
Hexes          | 1 |  1.4
Summonings     | 1 |  1.4
Necromancy     | 1 |  1.4
Transmutations | 1 |  1.4
Fire Magic     | 1 |  1.4
Ice Magic      | 1 |  1.4
Air Magic      | 1 |  1.4
Earth Magic    | 1 |  1.4
Poison Magic   | 1 |  1.4
Shapeshifting  | 1 |  1.4
Throwing       | 3 |  3.1
Armour         | 3 |  3.1
Fighting       | |  4.9
Axes           | |  4.9
Dodging        | |  4.9
Translocations | |  5.6

Action                     |  1- 3 |  4- 6 || total
---------------------------+-------+-------++-------
  Melee: Hand axe          |    84 |   179 ||   263
         Bite              |     2 |    17 ||    19
         Punch             |     1 |     3 ||     4
  Throw: Dart              |       |     6 ||     6
    Use: Potion            |     4 |     5 ||     9
         Scroll            |       |     1 ||     1
   Stab: Sleeping          |     1 |     2 ||     3
 Armour: Leather armour    |    17 |    60 ||    77
  Dodge: Dodged            |    80 |   123 ||   203

Table legend: (Time is in decaauts)
 A = Elapsed time spent in this place.
 B = Non-inter-level travel time spent in this place.
 C = Inter-level travel time spent in this place.
 D = Time resting spent in this place.
 E = Time spent auto-exploring this place.
 F = Levels seen in this place.
 G = Mean time per level.
                   A        B        C        D        E       F      G
               +--------+--------+--------+--------+--------+-----+--------+
         Total |   2524 |   2424 |    100 |    244 |   1594 |   4 |  631.0 |
       Dungeon |   2524 |   2424 |    100 |    244 |   1594 |   4 |  631.0 |
               +--------+--------+--------+--------+--------+-----+--------+

Top non-repeatable levels by time:
     D:3: 861 daAuts
     D:2: 840 daAuts
     D:1: 508 daAuts
     D:4: 313 daAuts
